 Dungeon Crawl Stone Soup version 0.21.1-1-g345015f (webtiles) character file.

198 lysyklops the Chopper (level 5, 0/46 HPs)
             Began as a Draconian Berserker on July 13, 2018.
             Was a Priest of Trog.
             Slain by a worker ant (6 damage)
             ... on level 3 of the Dungeon.
             The game lasted 00:06:22 (1900 turns).

lysyklops the Chopper (Draconian Berserker)         Turns: 1900, Time: 00:06:23

Health: 0/46       AC:  5    Str: 20    XL:     5   Next: 47%
Magic:  5/5        EV: 12    Int:  7    God:    Trog [***...]
Gold:   120        SH:  3    Dex: 11    Spells: 4/4 levels left

rFire    . . .     SeeInvis .   a - +0 hand axe
rCold    . . .     Gourm    .   f - +0 buckler
rNeg     . . .     Faith    .   (armour unavailable)
rPois    .         Spirit   .   (helmet restricted)
rElec    .         Reflect  .   (no cloak)
rCorr    .         Harm     .   (no gloves)
MR       .....                  (no boots)
Stlth    +.........             (no amulet)
HPRegen  0.15/turn              (no ring)
MPRegen  0.09/turn              (no ring)

@: lethally poisoned (0 -> -10)
A: unfitting armour, cold-blooded, AC +5
a: Berserk, Trog's Hand, Burn Spellbooks, Renounce Religion


You were on level 3 of the Dungeon.
You worshipped Trog.
Trog was most pleased with you.
You were not hungry.

You visited 1 branch of the dungeon, and saw 3 of its levels.

You collected 120 gold pieces.

Inventory:

Hand Weapons
 a - a +0 hand axe (weapon)
 q - a +4 quarterstaff of chaos
Armour
 f - a +0 buckler (worn)
Jewellery
 d - a cursed -3 ring of strength {unknown}
 h - an uncursed ring of stealth {unknown}
Wands
 n - a wand of polymorph (17)
Scrolls
 c - 6 scrolls of remove curse {unknown}
 e - 5 scrolls of identify {unknown}
 g - a scroll of fear {unknown}
 j - 4 scrolls of teleportation {unknown}
 l - a scroll of enchant armour {unknown}
 m - 2 scrolls of amnesia {unknown}
Potions
 i - a potion of resistance {unknown}
 k - 2 potions of heal wounds {unknown}
 o - a potion of magic {unknown}
 p - a potion of flight {unknown}
 r - a potion of curing {unknown}
Comestibles
 b - 7 rations


   Skills:
 + Level 4.0 Fighting
 + Level 5.0 Axes
 + Level 3.7 Dodging
 + Level 0.5 Shields


You had 4 spell levels left.
You didn't know any spells.

Dungeon Overview and Level Annotations

Branches:
Dungeon (3/15)

Altars:
Fedhas


Innate Abilities, Weirdness & Mutations

Your plain brown scales are hard. (AC +5)
You cannot fit into any form of body armour.
You are cold-blooded and may be slowed by cold attacks.


Message History

You feel sick. You block the worker ant's attack. The worker ant bites you.
* * * LOW HITPOINT WARNING * * *
You hit the worker ant but do no damage.
You tail-slap the worker ant.
The worker ant is severely wounded.
* * * LOW HITPOINT WARNING * * *
You feel sick.
The worker ant bites you but does no damage.
You hit the worker ant.
The worker ant is almost dead.
* * * LOW HITPOINT WARNING * * *
You feel sick. The worker ant closely misses you.
* * * LOW HITPOINT WARNING * * *
You feel sick.
You see here a rat corpse.
You closely miss the worker ant.
The worker ant is almost dead.
* * * LOW HITPOINT WARNING * * *
You feel sick. The worker ant barely misses you. The worker ant bites you.
You die...

# .... . ...... #.
...... #. ......
#.# ... .#
#..###.###.##
##..#...†.......#
.......a@.......#
.#..#..##.......###
.(... #(..[.....
$...#.# #.......#
....#.###.......#
######
................#
#..... #
..#######...###
#.#### . #...#
#.#### #...# #.#...


You could see a worker ant.

Vanquished Creatures
  Crazy Yiuf (D:2)
  Jessica (D:2)
  3 gnolls (D:3)
  3 adders
  An ooze (D:1)
  An adder zombie (D:3)
  2 worms (D:2)
  A dart slug (D:1)
  4 leopard geckos
  A ball python (D:2)
  4 giant cockroaches
  10 goblins
  5 hobgoblins
  3 jackals (D:1)
  A quokka (D:2)
  10 bats
  5 frilled lizards
  5 kobolds
  8 rats
69 creatures vanquished.

Notes
Turn   | Place    | Note
-------+----------+-------------------------------------------
     0 | D:1      | lysyklops the Draconian Berserker began the quest for the Orb.
     0 | D:1      | Reached XP level 1. HP: 19/19 MP: 1/1
   129 | D:1      | Reached XP level 2. HP: 26/26 MP: 2/2
   464 | D:1      | Reached XP level 3. HP: 33/33 MP: 3/3
   468 | D:1      | Reached ** piety under Trog
   752 | D:2      | Noticed Jessica
   771 | D:2      | Killed Jessica
   771 | D:2      | Reached skill level 4 in Axes
   771 | D:2      | Reached XP level 4. HP: 29/40 MP: 4/4
   777 | D:2      | Found a faded altar of an unknown god.
   805 | D:2      | Found a blossoming altar of Fedhas.
   942 | D:2      | Found a runed door.
  1311 | D:2      | Noticed Crazy Yiuf
  1322 | D:2      | Killed Crazy Yiuf
  1322 | D:2      | Reached XP level 5. HP: 15/46 MP: 5/5
  1884 | D:3      | Reached *** piety under Trog
  1884 | D:3      | Reached skill level 5 in Axes
  1900 | D:3      | Slain by a worker ant

Skill      XL: |  1  2  3  4  5 |
---------------+----------------+-----
Dodging        | 3 |  3.7
Axes           | 4 5 |  5.0
Fighting       | 4 |  4.0
Shields        | |  0.5

Action                   |  1- 3 |  4- 6 || total
-------------------------+-------+-------++-------
Melee: Hand axe          |   101 |   123 ||   224
       Tailslap          |     8 |    17 ||    25
Invok: Berserk           |     1 |     2 ||     3
 Stab: Sleeping          |       |     1 ||     1
  Eat: Chunk             |       |     6 ||     6
Armor: Skin              |    34 |    54 ||    88
Dodge: Dodged            |    94 |    99 ||   193
Block: Buckler           |     7 |    20 ||    27
